 Dungeon Crawl Stone Soup version 0.29-a0-2-g12fcac58f8 (webtiles) character file.

Game seed: 7592640028525651643

1333 miscthings the Thaumaturge (level 8, 0/50 HPs)
             Began as a Djinni Conjurer on Jan 27, 2022.
             Shot with an arrow by a centaur (12 damage)
             ... on level 6 of the Dungeon.
             The game lasted 00:09:02 (4761 turns).

miscthings the Thaumaturge (Djinni Conjurer)        Turns: 4761, Time: 00:09:03

Health: 0/50       AC:  5    Str:  6    XL:     8   Next: 92%
Gold:   226        EV: 12    Int: 21    God:
                   SH:  0    Dex: 13

rFire   + + .      SeeInvis .   f - +5 club (spect)
rCold   x . .      Faith    .   (no shield)
rNeg    . . .      Spirit   .   a - +0 robe
rPois   ∞          Reflect  .   h - +2 helmet
rElec   .          Harm     .   (no cloak)
rCorr   .          Rampage  .   (no gloves)
Will    +....                   (boots unavailable)
Stlth   ++........              (no amulet)
HPRegen 0.16/turn               b - +4 ring of slaying
MPRegen 0.00/turn               p - ring of willpower

@: flying
A: sickness immunity, fire resistance 2, cold vulnerability 1, float, innate
caster, hp casting, extra vitality 1
a: no special abilities


You were on level 6 of the Dungeon.
You visited 1 branch of the dungeon, and saw 6 of its levels.

You collected 226 gold pieces.

Inventory:

Hand Weapons
 f - a +5 spectral club (weapon)
Missiles
 r - a throwing net
Armour
 a - a +0 robe (worn)
 h - a +2 helmet (worn)
Magical Staves
 k - a staff of fire
Jewellery
 b - a +4 ring of slaying (left hand)
 p - a ring of willpower (right hand)
Wands
 u - a wand of acid (11)
Scrolls
 d - a scroll of enchant weapon {unknown}
 g - a scroll of fog
 i - 2 scrolls of teleportation
 j - 2 scrolls of enchant armour
 l - a scroll of amnesia {unknown}
 m - a scroll of blinking {unknown}
 n - a scroll of acquirement {unknown}
 q - a scroll of summoning {unknown}
 s - a scroll of magic mapping {unknown}
Potions
 c - 2 potions of curing
 e - 3 potions of might
 o - a potion of brilliance {unknown}
 t - a potion of heal wounds


   Skills:
 - Level 2.1 Dodging
 - Level 1.5 Stealth
 + Level 8.6 Spellcasting


You had 4 spell levels left.
You knew the following spells:

 Your Spells              Type           Power      Damage    Failure   Level
a - Searing Ray           Conj           90%        2d7       1%          2
b - Magic Dart            Conj           100%       1d8       1%          1
c - Dazzling Flash        Conj/Hex       90%        N/A       1%          3
d - Fulminant Prism       Conj/Hex       22%        3d13      2%          4
e - Iskenderun's Mystic   Conj/Tloc      45%        2d10      2%          4
f - Summon Small Mammal   Summ           100%       N/A       1%          1
x - Call Imp              Summ           45%        N/A       1%          2
z - Mephitic Cloud        Conj/Pois/Air  45%        N/A       1%          3
Your spell library was empty.

Dungeon Overview and Level Annotations

Branches:
Dungeon (6/15)
 Temple: D:4-7

Altars:
Elyvilon
Hepliaklqana
Yredelemnul

Annotations:
D:4 3 runed translucent doors, frimble's ghost, weakling DsWr


Innate Abilities, Weirdness & Mutations

You are immune to sickness and miasma.
You are immune to poison.
Your flesh is very heat resistant. (rF++)
You are vulnerable to cold. (rC-)
You float through the air rather than walking.
You learn spells naturally, not from books.
Your magical power is your life essence.
You have superior vitality. (+4 MHP)


Message History

You finish channelling your searing ray.
The wyvern zombie bites you!
Casting: Searing Ray (safe; 1% risk of failure)
Confirm with . or Enter, or press ? or * to list all spells.
Aiming: Searing Ray (safe; 1% risk of failure)
Press: ? - help, Shift-Dir - straight line, f/p - wyvern zombie
Aim: a wyvern zombie (severely damaged, 94% to hit)
The searing ray hits the wyvern zombie!
You destroy the wyvern zombie! (Press . to maintain the ray.)
* * * LOW HITPOINT WARNING * * *
Casting: Searing Ray (safe; 1% risk of failure)
Confirm with . or Enter, or press ? or * to list all spells.
You erupt in a blast of force!
The mystic blast hits the ogre!
The ogre is heavily wounded.
The ogre is knocked back by the mystic blast.
* * * LOW HITPOINT WARNING * * *
Casting: Iskenderun's Mystic Blast (dangerous; 2% risk of failure)
Confirm with . or Enter, or press ? or * to list all spells.
Aiming: Searing Ray (safe; 1% risk of failure)
Press: ? - help, Shift-Dir - straight line, f - ogre
Aim: an ogre, wielding a +0 giant club (heavily wounded, 91% to hit)
The searing ray hits the ogre.
The ogre is heavily wounded. (Press . to maintain the ray.)
* * * LOW HITPOINT WARNING * * *
The searing ray hits the ogre!
The ogre is almost dead.
* * * LOW HITPOINT WARNING * * *
The searing ray hits the ogre.
You kill the ogre!
* * * LOW HITPOINT WARNING * * *
u - a wand of acid (11)
There are no items here.
You start resting.
A centaur is nearby!
The centaur shouts!
The centaur wields a +0 shortbow.
The centaur shoots an arrow.
The arrow hits you!
You die...

#. #.#.# #.. #.#.# #$..##
#:#.## #....#### #.....
##########..).# #....
..........###.########.###
..................>....##
.....)..........c....<..#
...<.....@#######.....#.##
..........# ####.....)
#####....## ##..... #....#
#########..... #....#
#..).......... #.....
..############ #....#
#..... #.....


You could see a centaur.

Vanquished Creatures
  2 water moccasins (D:5)
  A sky beast (D:5)
  4 ogres
  A phantom (D:5)
  A wyvern zombie (D:6)
  A water moccasin skeleton (D:5)
  2 hounds
  A jelly (D:6)
  2 orc priests
  A bullfrog skeleton (D:5)
  A centaur skeleton (D:6)
  Jessica (D:2)
  An iguana (D:5)
  An orc wizard (D:5)
  A hound skeleton (D:4)
  Robin (D:2)
  5 adders
  3 gnolls (D:5)
  3 worms
  4 dart slugs
  18 orcs
  7 ball pythons
  4 endoplasms
  4 giant cockroaches
  3 hobgoblins
  7 jackals
  4 quokkas
  5 bats
  A frilled lizard (D:1)
  14 goblins
  9 kobolds
  4 rats
117 creatures vanquished.

Vanquished Creatures (others)
  3 fulminant prisms (D:5)
  A plant (D:4)
4 creatures vanquished.

Grand Total: 121 creatures vanquished

Notes
Turn   | Place    | Note
-------+----------+-------------------------------------------
     0 | D:1      | miscthings the Djinni Conjurer began the quest for the Orb.
     0 | D:1      | Reached XP level 1. HP: 15/15 MP: 0/0
    23 | D:1      | Found a faded altar of an unknown god.
   180 | D:1      | Reached XP level 2. HP: 12/21 MP: 0/0
   779 | D:1      | Reached XP level 3. HP: 22/25 MP: 0/0
   779 | D:1      | Learned a level 1 spell: Summon Small Mammal
  1107 | D:1      | Reached skill level 4 in Spellcasting
  1169 | D:1      | You are sucked into a shaft and drop 1 floor!
  1245 | D:2      | Noticed Robin
  1364 | D:2      | Reached XP level 4. HP: 26/31 MP: 0/0
  1729 | D:2      | Killed Robin
  1730 | D:2      | Reached XP level 5. HP: 15/35 MP: 0/0
  1730 | D:2      | Learned a level 2 spell: Call Imp
  2143 | D:2      | Noticed Jessica
  2149 | D:2      | Killed Jessica
  2150 | D:2      | Reached skill level 5 in Spellcasting
  2513 | D:3      | Reached XP level 6. HP: 34/40 MP: 0/0
  2582 | D:4      | Noticed an ogre
  2588 | D:4      | Killed an ogre
  2910 | D:4      | Reached skill level 6 in Spellcasting
  2965 | D:4      | Noticed a yak
  2975 | D:4      | Found a runed translucent gate.
  2975 | D:4      | Found a runed translucent gate.
  2975 | D:4      | Found a runed translucent gate.
  2980 | D:4      | Noticed frimble's ghost (weakling DsWr)
  3051 | D:4      | Reached XP level 7. HP: 32/45 MP: 0/0
  3051 | D:4      | Learned a level 3 spell: Mephitic Cloud
  3179 | D:5      | Entered Level 5 of the Dungeon
  3204 | D:5      | Noticed a water moccasin
  3220 | D:5      | Killed a water moccasin
  3366 | D:5      | Noticed a water moccasin
  3537 | D:5      | Killed a water moccasin
  3538 | D:5      | Reached skill level 7 in Spellcasting
  3551 | D:5      | Reached XP level 8. HP: 41/50 MP: 0/0
  3631 | D:5      | Found a hazy altar of Hepliaklqana.
  3941 | D:5      | Found a white marble altar of Elyvilon.
  4476 | D:5      | Found a basalt altar of Yredelemnul.
  4558 | D:5      | Reached skill level 8 in Spellcasting
  4761 | D:6      | Shot with an arrow by a centaur

Illustrated notes

Levels and vault maps discovered:
D:1:      elethiomel_arrival_quiet, layout_loops_corners,
          shapermc_ecumenical_altar_pompeii
D:2:      minmay_general_purpose_star, layout_basic, uniq_robin, uniq_jessica
D:3:      layout_loops_ring, grunt_ministairs_1
D:4:      cheibrodos_old_hovel, layout_rooms, gammafunk_ghost_split,
          minivault_14
D:5:      layout_basic, kennysheep_ying_yang, mainiacjoe_overflow_alcove_4
D:6:      layout_rooms, amcnicky_altar_gilded

Skill      XL: |  1  2  3  4  5  6  7  8 |
---------------+-------------------------+-----
Spellcasting   | 4 5 6 7 8 |  8.6
Dodging        | |  2.1
Stealth        | |  1.5

Action                   |  1- 3 |  4- 6 |  7- 9 || total
-------------------------+-------+-------+-------++-------
Melee: Club              |       |    15 |    17 ||    32
 Cast: Magic Dart        |    18 |     1 |       ||    19
       Searing Ray       |    20 |    34 |    21 ||    75
       Iskenderun's Myst |       |       |     4 ||     4
       Fulminant Prism   |       |       |     3 ||     3
  Use: Scroll            |       |     2 |     5 ||     7
 Stab: Sleeping          |       |     1 |       ||     1
Armor: Robe              |     4 |     3 |    19 ||    26
Dodge: Dodged            |     6 |    25 |    11 ||    42

Table legend: (Time is in decaauts)
 A = Elapsed time spent in this place.
 B = Non-inter-level travel time spent in this place.
 C = Inter-level travel time spent in this place.
 D = Time resting spent in this place.
 E = Time spent auto-exploring this place.
 F = Levels seen in this place.
 G = Mean time per level.
                   A        B        C        D        E       F      G
               +--------+--------+--------+--------+--------+-----+--------+
         Total |   4769 |   4647 |    122 |   1420 |   2434 |   6 |  794.8 |
       Dungeon |   4769 |   4647 |    122 |   1420 |   2434 |   6 |  794.8 |
               +--------+--------+--------+--------+--------+-----+--------+

Top non-repeatable levels by time:
     D:5: 1490 daAuts
     D:1: 1347 daAuts
     D:2: 1111 daAuts
     D:4: 610 daAuts
     D:3: 114 daAuts
     D:6: 96 daAuts
